 Dungeon Crawl Stone Soup version 0.31-a0-702-gf82c85558f (webtiles) character file.

Game seed: 6461507115376435652

1187 qw the Skirmisher (level 8, -5/51 HPs)
             Began as a Gargoyle Hunter on Sept 8, 2023.
             Slain by Duvessa
             ... wielding a +0 short sword
              (11 damage)
             ... on level 5 of the Dungeon.
             The game lasted 00:01:37 (3624 turns).

qw the Skirmisher (Gargoyle Hunter)                 Turns: 3624, Time: 00:01:38

Health: -5/51      AC: 16    Str: 16    XL:     8   Next: 43%
Magic:  8/8        EV: 12    Int:  9    God:
Gold:   300        SH:  0    Dex: 15    Spells: 7/7 levels left

rFire   . . .        Y - +2 shortbow
rCold   + . .        (shield currently unavailable)
rNeg    + . .        k - +3 leather armour
rPois   inf          p - +1 helmet
rElec   +            h - +0 cloak
rCorr   .            a - +0 pair of gloves
SInv    .            (no boots)
Will    .....        e - amulet of the acrobat
Stlth   ++           g - ring of protection from cold
HPRegen 0.28/turn    (no ring)
MPRegen 0.11/turn

%: acrobat
@: about to teleport
A: sickness immunity, AC +5, negative energy resistance 1, electricity
resistance, torment resistance 1, petrification resistance
a: no special abilities


You were on level 5 of the Dungeon.
You visited 1 branch of the dungeon, and saw 5 of its levels.

You collected 300 gold pieces.


Innate Abilities, Weirdness & Mutations

You are immune to sickness and miasma.
Your stone body is resilient. (AC +5)
You are immune to poison.
You resist negative energy. (rN+)
You are resistant to electric shocks. (rElec)
You are resistant to unholy torment.
You are immune to petrification.


   Skills:
 + Level 5.8 Fighting
 - Level 9.0 Ranged Weapons
 - Level 2.0 Armour
 - Level 2.1 Dodging
 - Level 1.1 Stealth


You had 7 spell levels left.
You didn't know any spells.
Your spell library was empty.

Inventory:

Hand Weapons
 Y - a +2 shortbow (weapon)
Armour
 a - a +0 pair of gloves (worn)
 h - a +0 cloak (worn)
 k - a +3 leather armour (worn)
 p - a +1 helmet (worn)
Jewellery
 e - an amulet of the acrobat (around neck)
 g - a ring of protection from cold (left hand)
Scrolls
 j - 2 scrolls of teleportation
 m - a scroll of identify
Potions
 b - a potion of might
 c - 2 potions of enlightenment
 d - 2 potions of curing
 f - a potion of haste {unknown}
 i - a potion of attraction {unknown}
 l - a potion of magic {unknown}
 n - a potion of brilliance {unknown}
 o - a potion of invisibility {unknown}

Dungeon Overview and Level Annotations

Branches:
Dungeon (5/15)
 Temple: D:4-7

Altars:
Ashenzari
Hepliaklqana
Qazlal
Ru
Yredelemnul
The Shining One

Shops:
D:3 :

Annotations:
D:5 Duvessa


Message History

You hear a bark!
You shoot an arrow. The arrow hits Dowan!
You kill Dowan!
You hear a distant scream of rage.
You shoot an arrow. The arrow hits Duvessa.
Duvessa is lightly wounded.
Duvessa goes berserk!
Duvessa rages.
You shoot an arrow. The arrow hits Duvessa.
Duvessa is lightly wounded.
Duvessa hits you with a +0 short sword.
You shoot an arrow. The arrow closely misses Duvessa.
The arrow hits the ogre!
The ogre is heavily wounded.
Duvessa hits you with a +0 short sword!
A hound comes into view.
Duvessa misses you.
You shoot an arrow. The arrow hits Duvessa.
Duvessa is moderately wounded.
Duvessa hits you with a +0 short sword.
You shoot an arrow. The arrow barely misses the ogre.
Duvessa hits you but does no damage. The ogre closely misses you.
Duvessa hits you with a +0 short sword.
You shoot an arrow. The arrow hits the ogre!
The ogre is severely wounded.
Duvessa hits you with a +0 short sword.
You shoot an arrow. The arrow hits the ogre!
You kill the ogre!
The hound bites you but does no damage. Duvessa hits you with a +0 short sword!
The hound bites you but does no damage. Duvessa hits you but does no damage.
You shoot an arrow.
The arrow hits Duvessa but does no damage.
Duvessa is lightly wounded.
The hound bites you but does no damage. Duvessa hits you with a +0 short sword!
The hound bites you but does no damage.
3624 ||| READING 3 scrolls of teleportation.
As you read the scroll of teleportation, it crumbles to dust.
You feel strangely unstable. Duvessa hits you but does no damage.
The hound misses you. Duvessa hits you with a +0 short sword!
You die...

...### .....## ##
#.)..... ####.
##..... ..... O
#..... #. .....
#..####...# ..
##... #...)....#
#.## ##.#. #e)h#
..###..## ##@.##
#.##..# #...#
#.##..### #...#
#.......#
..###...##
##........
.........#
##....#####
.........###.....#
...........#......#
#.######..........#
# ##........#.#


You could see Duvessa (berserk, fast) and a hound.

Vanquished Creatures
  Pikel (D:4)
  Sigmund (D:2)
  A water moccasin (D:3)
  An ogre (D:5)
  A lemure (D:4)
  Dowan (D:5)
  2 hounds (D:4)
  2 iguanas
  Robin (D:3)
  11 adders
  A gnoll (D:1)
  A worm (D:4)
  A dart slug (D:1)
  8 orcs
  10 ball pythons
  9 endoplasms
  5 giant cockroaches
  14 goblins
  6 hobgoblins
  2 jackals
  10 kobolds
  3 quokkas
  8 bats
  5 frilled lizards
  3 rats
108 creatures vanquished.

Notes
Turn   | Place    | Note
-------+----------+-------------------------------------------
     0 | D:1      | qw the Gargoyle Hunter began the quest for the Orb.
     0 | D:1      | Reached XP level 1. HP: 12/12 MP: 1/1
     0 | D:1      | 0 ||| qw: Version: 0.3-a-76-g4403597
     0 | D:1      | 0 ||| qw: Game counter: 1183
     0 | D:1      | 0 ||| qw: Melee chars always use a shield: true
     0 | D:1      | 0 ||| qw: God list: Okawaru
     0 | D:1      | 0 ||| qw: Allow faded altars: false
     0 | D:1      | 0 ||| qw: Do Orc after clearing Dungeon:15 true
     0 | D:1      | 0 ||| qw: Do second Lair branch before Depths: true
     0 | D:1      | 0 ||| qw: Lair rune preference: random
     0 | D:1      | 0 ||| qw: Goals: Normal
     0 | D:1      | 0 ||| PLANNING D:1-11
    92 | D:1      | Reached XP level 2. HP: 17/17 MP: 2/2
   428 | D:1      | Reached XP level 3. HP: 17/21 MP: 3/3
   478 | D:1      | Reached skill level 5 in Ranged Weapons
  1038 | D:1      | 1038 ||| UPGRADING to +0 helmet.
  1043 | D:1      | 1043 ||| UPGRADING to amulet of the acrobat.
  1048 | D:1      | 1048 ||| UPGRADING to ring of protection from cold.
  1049 | D:1      | 1049 ||| READING scroll labelled IBEC FISESABI.
  1050 | D:1      | 1050 ||| READING scroll labelled APEDOE XUETIZ.
  1051 | D:1      | 1051 ||| READING scroll labelled WUPNUA YPPIE.
  1052 | D:1      | 1052 ||| READING scroll labelled KEGEB IHIE.
  1053 | D:1      | 1053 ||| READING scroll labelled UCEAMA NEAS.
  1056 | D:1      | 1056 ||| READING scroll labelled GUTUSTRAYSS.
  1057 | D:1      | 1057 ||| DROPPING scroll of butterflies.
  1120 | D:2      | Reached skill level 3 in Fighting
  1166 | D:2      | Reached XP level 4. HP: 28/28 MP: 4/4
  1555 | D:2      | Noticed Sigmund
  1567 | D:2      | Killed Sigmund
  1568 | D:2      | Reached skill level 6 in Ranged Weapons
  1568 | D:2      | Reached XP level 5. HP: 23/32 MP: 5/5
  1568 | D:2      | Reached XP level 6. HP: 27/37 MP: 6/6
  1639 | D:2      | You fall into a shaft and drop 2 floors!
  1659 | D:4      | 1659 ||| UPGRADING to +0 cloak.
  1664 | D:4      | 1664 ||| UPGRADING to +0 ring mail.
  1674 | D:4      | 1674 ||| DROPPING +0 leather armour.
  1675 | D:4      | 1675 ||| READING scroll labelled ZUADIY COSINA.
  1681 | D:4      | 1681 ||| FLEEEEING.
  1682 | D:4      | 1682 ||| FLEEEEING.
  1683 | D:4      | 1683 ||| STAIRDANCE
  1688 | D:3      | Found Kurodev's Vocational Training.
  1692 | D:3      | Reached skill level 1 in Armour
  1754 | D:3      | Noticed a water moccasin
  1774 | D:3      | Killed a water moccasin
  1855 | D:3      | 1855 ||| READING 3 scrolls of identify.
  1855 | D:3      | 1855 ||| IDENTIFYING yellow potion
  1856 | D:3      | 1856 ||| READING 2 scrolls of identify.
  1856 | D:3      | 1856 ||| IDENTIFYING golden potion
  1857 | D:3      | 1857 ||| DROPPING potion of lignification.
  2124 | D:2      | 2124 ||| READING 2 scrolls of identify.
  2124 | D:2      | 2124 ||| IDENTIFYING glowing white potion
  2125 | D:2      | 2125 ||| DROPPING potion of berserk rage.
  2189 | D:3      | Reached skill level 7 in Ranged Weapons
  2234 | D:3      | Found a sacrificial altar of Ru.
  2426 | D:3      | Found a basalt altar of Yredelemnul.
  2573 | D:3      | Found a hazy altar of Hepliaklqana.
  2742 | D:3      | Noticed Robin
  2754 | D:3      | Killed Robin
  2755 | D:3      | Reached XP level 7. HP: 33/44 MP: 7/7
  2896 | D:3      | 2896 ||| UPGRADING to +0 pair of gloves.
  2901 | D:3      | 2901 ||| UPGRADING to +3 leather armour.
  2911 | D:3      | 2911 ||| DROPPING +0 ring mail.
  2912 | D:3      | 2912 ||| UPGRADING to +1 helmet.
  2922 | D:3      | 2922 ||| DROPPING +0 helmet.
  2923 | D:3      | 2923 ||| READING scroll labelled LICSI ENEBIHA.
  2924 | D:3      | 2924 ||| READING 3 scrolls of identify.
  2924 | D:3      | 2924 ||| IDENTIFYING bubbling blue potion
  2925 | D:3      | 2925 ||| READING 2 scrolls of identify.
  2925 | D:3      | 2925 ||| IDENTIFYING fizzy inky potion
  2926 | D:3      | 2926 ||| DROPPING potion of degeneration.
  2970 | D:4      | 2970 ||| STAIRDANCE
  3009 | D:4      | 3009 ||| READING scroll of enchant weapon.
  3009 | D:4      | 3009 ||| ENCHANTING +1 shortbow.
  3057 | D:4      | Noticed Pikel
  3058 | D:4      | 3058 ||| Stepping ~*~*~tactically~*~*~ (retreating).
  3075 | D:4      | 3075 ||| Stepping ~*~*~tactically~*~*~ (retreating).
  3076 | D:4      | 3076 ||| Stepping ~*~*~tactically~*~*~ (retreating).
  3077 | D:4      | 3077 ||| RETREATING.
  3081 | D:4      | 3081 ||| Stepping ~*~*~tactically~*~*~ (retreating).
  3091 | D:4      | Killed Pikel
  3092 | D:4      | Reached skill level 8 in Ranged Weapons
  3092 | D:4      | Reached XP level 8. HP: 32/48 MP: 8/8
  3207 | D:4      | Found a stormy altar of Qazlal.
  3209 | D:4      | Found a glowing golden altar of the Shining One.
  3212 | D:4      | Found a broken altar of Ashenzari.
  3534 | D:4      | 3534 ||| READING scroll labelled IWIHAQ JUXT.
  3535 | D:4      | 3535 ||| READING 2 scrolls of identify.
  3535 | D:4      | 3535 ||| IDENTIFYING orange potion
  3565 | D:5      | Entered Level 5 of the Dungeon
  3571 | D:5      | Reached skill level 9 in Ranged Weapons
  3610 | D:5      | Noticed Dowan
  3610 | D:5      | Noticed Duvessa
  3613 | D:5      | 3613 ||| RETREATING.
  3615 | D:5      | Killed Dowan
  3623 | D:5      | HP: 6/51 [Duvessa/+0 short sword (11)]
  3624 | D:5      | 3624 ||| READING 3 scrolls of teleportation.
  3624 | D:5      | Slain by Duvessa

Levels and vault maps discovered:
D:1:      saegor_arrival_simple_d, layout_loops_corners, amethyst_killhole
D:2:      layout_loops_ring, minmay_misc_feat_iff, kennysheep_cross_room,
          roderic_serpentine_path, uniq_sigmund
D:3:      layout_rooms, nicolae_hepliaklqana_hippocampus,
          overflow_temple_1_default, nicolae_ru_sacrificial_ziggurat,
          serial_corexii_hall, corexii_hall_statues_deadend,
          corexii_hall_statues_deadend, corexii_hall_statues_t,
          corexii_hall_statues_l, grunt_ministairs_15, minmay_misc_feat_square,
          nicolae_shop_vocational, uniq_robin
D:4:      layout_cave_pools, grunt_temple_overflow_open,
          nicolae_houndstooth_variations, uniq_pikel
D:5:      layout_layer_cave, okawaru_ov_weapons_minmay, uniq_ijyb, uniq_duvessa

Skill      XL: |  1  2  3  4  5  6  7  8 |
---------------+-------------------------+-----
Ranged Weapons | 5 6 7 8 9 |  9.0
Fighting       | 3 4 5 |  5.8
Armour         | 1 2 |  2.0
Dodging        | 2 |  2.1
Stealth        | |  1.1

Action                     |  1- 3 |  4- 6 |  7- 9 || total
---------------------------+-------+-------+-------++-------
   Fire: Shortbow          |   103 |   161 |   118 ||   382
    Use: Scroll            |     6 |     4 |     7 ||    17
 Armour: Leather armour    |    25 |    12 |    58 ||    95
         Ring mail         |       |    52 |     4 ||    56
  Dodge: Dodged            |    27 |    59 |    61 ||   147

Table legend:
 A = Non-vault XP
 B = Vault XP
 C = Vault XP percentage of total XP
 D = Non-vault monster count
 E = Vault monster count
 F = Vault count percentage of total count
                 A         B        C        D         E       F
            +---------+---------+-------+---------+---------+-------
      Total |     732 |     965 |  56.9 |      91 |      16 |  15.0
            +---------+---------+-------+---------+---------+-------
        D:1 |      51 |       0 |   0.0 |      22 |       0 |   0.0
        D:2 |     112 |     214 |  65.6 |      24 |       1 |   4.0
        D:3 |     209 |      38 |  15.4 |      22 |      13 |  37.1
        D:4 |     207 |     641 |  75.6 |      21 |       1 |   4.5
        D:5 |     153 |      72 |  32.0 |       2 |       1 |  33.3
            +---------+---------+-------+---------+---------+-------
